 Dungeon Crawl Stone Soup version 0.29-a0-1027-gcd8c55af63 (webtiles) character file.

Game seed: 11313109398217090878

863 Gildeon the Basher (level 8, -1/46 HPs)
             Began as a Gargoyle Fighter on July 2, 2022.
             Killed by divine providence
             ... invoked by an orc priest
              (12 damage)
             ... on level 5 of the Dungeon on Aug 12, 2022.
             The game lasted 00:09:53 (5132 turns).

Gildeon the Basher (Gargoyle Fighter)               Turns: 5132, Time: 00:09:53

Health: -1/46      AC: 29    Str: 20    XL:     8   Next: 3%
Magic:  8/8        EV:  9    Int:  9    God:
Gold:   311        SH:  8    Dex: 11    Spells: 7/7 levels left

rFire   . . .      SeeInvis .   k - +3 mace (protect)
rCold   . . .      Faith    .   i - +0 kite shield
rNeg    + . .      Spirit   .   t - +0 chain mail
rPois   ∞          Reflect  .   y - +0 helmet
rElec   +          Harm     .   (no cloak)
rCorr   .          Rampage  .   s - +1 pair of gloves {hurl}
Will    .....                   (no boots)
Stlth   ..........              l - amulet of magic regeneration
HPRegen 0.15/turn               v - +4 ring of protection
MPRegen 0.51/turn               r - +4 ring of evasion

@: under a protective aura
A: sickness immunity, AC +5, negative energy resistance 1, electricity
resistance, torment resistance 1, petrification resistance
a: no special abilities


You were on level 5 of the Dungeon.
You visited 1 branch of the dungeon, and saw 5 of its levels.

You collected 311 gold pieces.

Inventory:

Hand Weapons
 k - a +3 mace of protection (weapon)
 o - a +2 mace of holy wrath
Armour
 i - a +0 kite shield (worn)
 s - a +1 pair of gloves of hurling (worn)
 t - a +0 chain mail (worn)
 y - a +0 helmet (worn)
Jewellery
 l - an amulet of magic regeneration (around neck)
 n - a ring of positive energy
 r - a +4 ring of evasion (right hand)
 v - a +4 ring of protection (left hand)
 B - a +4 ring of protection
Wands
 C - a wand of flame (8)
 D - a wand of iceblast (12)
 F - a wand of polymorph (8)
Scrolls
 b - a scroll of fog {unknown}
 c - 3 scrolls of teleportation
 e - 2 scrolls of acquirement {unknown}
 f - a scroll of immolation {unknown}
 h - a scroll of brand weapon {unknown}
 m - 4 scrolls of identify {unknown}
 p - a scroll of enchant weapon {unknown}
 q - a scroll of noise {unknown}
 w - a scroll of fear {unknown}
 z - a scroll of summoning {unknown}
Potions
 a - 3 potions of curing {unknown}
 d - 3 potions of might
 g - 3 potions of haste
 j - a potion of heal wounds {unknown}
 u - a potion of mutation {unknown}
 x - a potion of flight {unknown}
 A - a potion of degeneration {unknown}
 E - a potion of attraction {unknown}


   Skills:
 - Level 3.2 Fighting
 + Level 9.0 Maces & Flails
 - Level 3.2 Armour
 - Level 3.2 Shields


You had 7 spell levels left.
You didn't know any spells.
Your spell library contained the following spells:

 Spells                   Type           Power      Damage    Failure   Level
 Apportation              Tloc           0%         N/A       100%        1
 Beastly Appendage        Tmut           0%         N/A       100%        1
 Necrotise                Necr           0%         1d4       100%        1
 Summon Small Mammal      Summ           0%         N/A       100%        1
 Wereblood                Tmut           0%         N/A       100%        2
 Portal Projectile        Hex/Tloc       0%         N/A       100%        3
 Spider Form              Tmut/Pois      0%         N/A       100%        3
 Tukima's Dance           Hex            0%         N/A       100%        3
 Blade Hands              Tmut           0%         N/A       100%        5


Dungeon Overview and Level Annotations

Branches:
Dungeon (5/15)
 Temple: D:4-7

Altars:
Elyvilon
Nemelex Xobeh

Shops:
D:4 ?


Innate Abilities, Weirdness & Mutations

You are immune to sickness and miasma.
Your stone body is resilient. (AC +5)
You are immune to poison.
You resist negative energy. (rN+)
You are resistant to electric shocks. (rElec)
You are resistant to unholy torment.
You are immune to petrification.


Message History

You sock the orc priest!
The orc priest is severely wounded.
You block the orc's attack.
The orc priest hits you but does no damage. x2
You closely miss the orc priest.
The orc priest is severely wounded.
The orc hits you but does no damage.
The orc priest calls upon Beogh to heal the orc priest.
The orc priest is healed somewhat.
You block the orc priest's attack.
You hit the orc priest.
The orc priest is moderately wounded.
The orc hits you but does no damage.
The orc priest begins to cast a cantrip, but forgets the words!
The orc priest hits you with a +0 hand axe.
* * * LOW HITPOINT WARNING * * *
The orc priest hits you but does no damage.
You sock the orc priest!
You kill the orc priest!
You block the orc's attack.
The orc priest hits you but does no damage.
Your Maces & Flails skill increases to level 9!
You sock the orc priest!
You kill the orc priest!
You block the orc's attack.
The orc priest looks encouraged for a moment.
You have reached level 8!
You feel clever. You block the orc's attack. The orc priest barely misses you.
Items here: ))) [ ††.
The orc attacks as you move away! The orc closely misses you.
You block the orc priest's attack.
You thump the orc priest!
The orc priest is heavily wounded.
The orc hits you but does no damage.
The orc priest hits you but does no damage.
You sock the orc!
You kill the orc!
The orc priest mumbles some strange prayers to Beogh against you.
Beogh smites you!
You die...

#.##.. .<. #.#### .##
######.# #+## #......#
#...## #.######
##.....## #.##.##
##.......#
######.#...####.........
..............')).......
######.#...####o@.......
#.##.## ##.......#
#.#### ##.....## #.#
#...## #.# #+## #.# #.#
...


You could see an orc priest.

Vanquished Creatures
  Pikel (D:5)
  An ogre (D:4)
  2 orc priests (D:5)
  Ijyb (D:4)
  Jessica (D:2)
  Terence (D:2)
  An orc wizard (D:5)
  Robin (D:3)
  10 adders
  A river rat (D:4)
  A white imp (D:5)
  3 worms
  2 dart slugs (D:4)
  2 orcs
  4 ball pythons
  5 bats
  12 endoplasms
  4 giant cockroaches
  14 goblins
  6 hobgoblins
  10 jackals (D:1)
  7 quokkas
  2 frilled lizards
  5 kobolds
  4 rats
101 creatures vanquished.

Notes
Turn   | Place    | Note
-------+----------+-------------------------------------------
     0 | D:1      | Gildeon the Gargoyle Fighter began the quest for the Orb.
     0 | D:1      | Reached XP level 1. HP: 14/14 MP: 1/1
   216 | D:1      | Reached XP level 2. HP: 13/19 MP: 2/2
   947 | D:1      | Reached skill level 3 in Maces & Flails
  1252 | D:1      | Reached XP level 3. HP: 10/23 MP: 3/3
  1688 | D:2      | Noticed Terence
  1700 | D:2      | Killed Terence
  1701 | D:2      | Reached skill level 4 in Maces & Flails
  1819 | D:2      | Reached XP level 4. HP: 28/28 MP: 4/4
  1929 | D:2      | Noticed an eye of devastation
  1934 | D:2      | Found a faded altar of an unknown god.
  2009 | D:2      | Noticed an eye of devastation
  2009 | D:2      | Noticed a golden eye
  2009 | D:2      | Noticed an eye of devastation
  2158 | D:2      | Upgraded the game from 0.29-a0-789-g7a8fcbc185 to
                  | 0.29-a0-1023-g6ae1a4a2c7
  2394 | D:2      | Noticed Jessica
  2400 | D:2      | Killed Jessica
  2401 | D:2      | Reached skill level 5 in Maces & Flails
  2401 | D:2      | Reached XP level 5. HP: 30/32 MP: 5/5
  2973 | D:3      | Noticed Robin
  2991 | D:3      | Killed Robin
  3698 | D:4      | Found a white marble altar of Elyvilon.
  3713 | D:4      | Noticed an ogre
  3723 | D:4      | Killed an ogre
  3724 | D:4      | Reached skill level 6 in Maces & Flails
  3724 | D:4      | Reached XP level 6. HP: 14/37 MP: 6/6
  4068 | D:4      | Found Zilucs's Magic Scroll Emporium.
  4368 | D:4      | Noticed Ijyb
  4383 | D:4      | Killed Ijyb
  4459 | D:4      | Reached skill level 7 in Maces & Flails
  4728 | D:5      | Entered Level 5 of the Dungeon
  4912 | D:5      | Upgraded the game from 0.29-a0-1023-g6ae1a4a2c7 to
                  | 0.29-a0-1027-gcd8c55af63
  4923 | D:5      | Found a sparkling altar of Nemelex Xobeh.
  4927 | D:5      | Noticed Pikel
  4942 | D:5      | Killed Pikel
  4943 | D:5      | Reached skill level 8 in Maces & Flails
  4943 | D:5      | Reached XP level 7. HP: 25/41 MP: 7/7
  5128 | D:5      | Reached skill level 9 in Maces & Flails
  5129 | D:5      | Reached XP level 8. HP: 11/46 MP: 8/8
  5132 | D:5      | Killed from afar by an orc priest

Illustrated notes

Levels and vault maps discovered:
D:1:      dpeg_arrival_connections, layout_basic
D:2:      layout_rooms, hellmonk_ecumenical_altar_watching_god, hex_medium,
          uniq_jessica, uniq_terence
D:3:      layout_basic, uniq_robin
D:4:      layout_loops_ring, elyvilon_altar_5, gup_sewer_entry_spiral,
          serial_shops, shop_fountains, grunt_decor_clamped, uniq_ijyb
D:5:      layout_loops_corners, nemelex_xobeh_ov_fountains_minmay, uniq_pikel,
          uniq_prince_ribbit1

Skill      XL: |  1  2  3  4  5  6  7 |
---------------+----------------------+-----
Maces & Flails | 3 4 5 6 8 9 |  9.0
Fighting       | |  3.2
Armour         | |  3.2
Shields        | |  3.2

Action                   |  1- 3 |  4- 6 |  7- 9 || total
-------------------------+-------+-------+-------++-------
Melee: Flail             |    87 |       |       ||    87
       Mace              |    13 |   242 |    34 ||   289
       Unarmed           |       |     9 |       ||     9
  Use: Scroll            |       |     1 |       ||     1
Armor: Scale mail        |    55 |    23 |       ||    78
       Chain mail        |       |   119 |    34 ||   153
       Skin              |       |     8 |       ||     8
Dodge: Dodged            |    51 |   139 |    18 ||   208
Block: Buckler           |    14 |       |       ||    14
       Kite shield       |    19 |   115 |    21 ||   155

Table legend: (Time is in decaauts)
 A = Elapsed time spent in this place.
 B = Non-inter-level travel time spent in this place.
 C = Inter-level travel time spent in this place.
 D = Time resting spent in this place.
 E = Time spent auto-exploring this place.
 F = Levels seen in this place.
 G = Mean time per level.
                   A        B        C        D        E       F      G
               +--------+--------+--------+--------+--------+-----+--------+
         Total |   5271 |   5141 |    130 |      0 |   4127 |   5 | 1054.2 |
       Dungeon |   5271 |   5141 |    130 |      0 |   4127 |   5 | 1054.2 |
               +--------+--------+--------+--------+--------+-----+--------+

Top non-repeatable levels by time:
     D:1: 1716 daAuts
     D:4: 1246 daAuts
     D:3: 1013 daAuts
     D:2: 885 daAuts
     D:5: 409 daAuts
